 Dungeon Crawl Stone Soup version 0.22-a0-533-g4d20840 (webtiles) character file.

72 Darkshadow the Chopper (level 4, -2/40 HPs)
             Began as a Hill Orc Monk on June 22, 2018.
             Was a Believer of Beogh.
             Slain by an ogre
             ... wielding a +0 giant spiked club
              (14 damage)
             ... on level 2 of the Dungeon.
             The game lasted 00:08:13 (1692 turns).

Darkshadow the Chopper (Hill Orc Monk)              Turns: 1692, Time: 00:08:14

Health: -2/40      AC:  8    Str: 14    XL:     4   Next: 25%
Magic:  4/4        EV:  2    Int: 10    God:    Beogh [**....]
Gold:   78         SH: 10    Dex: 13    Spells: 3/3 levels left

rFire    . . .     SeeInvis .   a - +0 hand axe
rCold    . . .     Gourm    .   u - +0 large shield (curse)
rNeg     . . .     Faith    .   q - +0 chain mail
rPois    .         Spirit   .   (no helmet)
rElec    .         Reflect  .   (no cloak)
rCorr    .         Harm     .   (no gloves)
MR       .....                  (no boots)
Stlth    ..........             (no amulet)
HPRegen  0.13/turn              (no ring)
MPRegen  0.09/turn              (no ring)

@: no status effects
A: no striking features
a: Smiting, Renounce Religion


You were on level 2 of the Dungeon.
You worshipped Beogh.
Beogh was pleased with you.
You were not hungry.

You visited 1 branch of the dungeon, and saw 3 of its levels.

You collected 78 gold pieces.

Inventory:

Hand Weapons
 a - a +0 hand axe (weapon)
Missiles
 g - 113 stones (quivered)
Armour
 b - a +0 robe
 m - a +0 plate armour
 q - a +0 chain mail (worn)
 t - a +0 shield
 u - a cursed +0 large shield (worn)
Jewellery
 e - a +4 ring of evasion
 k - a +4 ring of evasion
Scrolls
 h - a scroll of enchant weapon {unknown}
 i - 4 scrolls of identify {unknown}
 n - a scroll of fog {unknown}
 o - a scroll of remove curse {unknown}
 p - a scroll of magic mapping {unknown}
 w - a scroll of immolation {unknown}
 x - a scroll of amnesia {unknown}
Potions
 d - a potion of lignification {unknown}
 f - a potion of curing {unknown}
 j - a potion of heal wounds {unknown}
 l - 2 potions of flight {unknown}
 r - a potion of haste {unknown}
 s - a potion of mutation {unknown}
Comestibles
 c - 9 rations
 v - a chunk of flesh


   Skills:
 + Level 4.3 Fighting
 * Level 5.4 Axes
 + Level 1.8 Armour
 - Level 2.4 Dodging
 - Level 1.5 Stealth
 + Level 0.2 Shields


You had 3 spell levels left.
You didn't know any spells.
Your spell library was empty.

Dungeon Overview and Level Annotations

Branches:
Dungeon (3/15)

Altars:
Ashenzari
Makhleb
Nemelex Xobeh
Xom


Message History

Found a shattered altar of Ashenzari.
x - a scroll labeled UPADGH ITSUWEO
g - 113 stones (gained 24)
There is a stone staircase leading down here.
You climb downwards.
The ogre hits you with a giant spiked club!
There is a stone staircase leading up, spattered with blood here.
The ogre hits you with a giant spiked club!
* * * LOW HITPOINT WARNING * * *
You climb upwards.
There is a stone staircase leading down here.
You block the ogre's attack.
Put on which piece of jewellery? (? for menu, Esc to quit)
k - a +4 ring of evasion (left hand) Put on which piece of jewellery? (? for menu, Esc to quit)
You're already wearing that object!
Okay, then.
You remove your +4 ring of evasion.
You block the ogre's attack.
The ogre hits you with a giant spiked club!
You die...

.....#..............#
#####...###########.##
####..### #..# .....##
### ### ##.# ..####
###8###8####.# #..#
###8...8...8##.#
##.######.........##.#
#.....#>......O.._#.#
#####.##.......@.####
#.##8...8...8###
#.####8###8### #.# ###
### #.### #...# ###.##
###### #..# .....#
##.##


You could see an ogre.

Vanquished Creatures
  2 adders
  2 worms
  2 dart slugs (D:1)
  5 leopard geckos
  2 bats
  4 giant cockroaches
  3 goblins
  3 hobgoblins (D:1)
  4 ball pythons
  5 frilled lizards
  2 kobolds
  8 rats
42 creatures vanquished.

Vanquished Creatures (others)
  An orc (D:3)
1 creature vanquished.

Grand Total: 43 creatures vanquished

Notes
Turn   | Place    | Note
-------+----------+-------------------------------------------
     0 | D:1      | Darkshadow the Hill Orc Monk began the quest for the Orb.
     0 | D:1      | Reached XP level 1. HP: 19/19 MP: 1/1
   133 | D:1      | Reached XP level 2. HP: 15/27 MP: 2/2
   410 | D:1      | Reached skill level 1 in Armour
   720 | D:1      | Reached XP level 3. HP: 29/33 MP: 3/3
   849 | D:2      | Reached skill level 5 in Axes
  1159 | D:2      | Found a sparkling altar of Nemelex Xobeh.
  1159 | D:2      | Found a shimmering altar of Xom.
  1160 | D:2      | Found a burning altar of Makhleb.
  1423 | D:3      | Reached XP level 4. HP: 40/40 MP: 4/4
  1487 | D:3      | Became a worshipper of Beogh the Brigand
  1487 | D:3      | Reached * piety under Beogh
  1487 | D:3      | Reached ** piety under Beogh
  1651 | D:3      | Noticed an ogre
  1663 | D:2      | Found a shattered altar of Ashenzari.
  1692 | D:2      | Slain by an ogre

Vault maps used:
D:1:      minmay_arrival_up_and_down, serial_park_tiny_1
D:2:      nicolae_overflow_hidden_temple, gammafunk_temple_overflow_forgotten
D:3:      first_ration, kennysheep_generic_room_12

Skill      XL: |  1  2  3 |
---------------+----------+-----
Armour         | 1 |  1.8
Fighting       | 4 |  4.3
Axes           | 5 |  5.4
Dodging        | |  2.4
Stealth        | |  1.5
Shields        | |  0.2

Action                   |  1- 3 |  4- 6 || total
-------------------------+-------+-------++-------
Melee: Hand axe          |   123 |    24 ||   147
Throw: Stone             |     2 |       ||     2
Invok: Convert to Beogh  |       |     1 ||     1
 Stab: Sleeping          |     5 |       ||     5
  Eat: Chunk             |     1 |     2 ||     3
Armor: Robe              |     9 |       ||     9
       Chain mail        |    17 |    15 ||    32
Dodge: Dodged            |    75 |     1 ||    76
Block: Shield            |     3 |       ||     3
       Large shield      |       |    18 ||    18

Table legend:
 A = Spawn XP
 B = Non-spawn XP
 C = Spawn XP percentage of total XP
 D = Spawn monster count
 E = Non-spawn monster count
 F = Spawn count percentage of total count
 G = Total turns spent on level
                    A         B        C        D         E        F      G
               +---------+---------+-------+---------+---------+-------+---------
         Total |       0 |     103 |   0.0 |       0 |      42 |   0.0 |  1692
               +---------+---------+-------+---------+---------+-------+---------
           D:1 |       0 |      43 |   0.0 |       0 |      23 |   0.0 |   838
           D:2 |       0 |      27 |   0.0 |       0 |       9 |   0.0 |   554
           D:3 |       0 |      33 |   0.0 |       0 |      10 |   0.0 |   300
               +---------+---------+-------+---------+---------+-------+---------
